Map: Blackpink LE

Players

WIN - Winner!

  • Race: Protoss Protoss
  • League: Diamond
  • Spawn Location: 1:00

Subwayeatn

  • Race: Zerg Zerg
  • League: Platinum
  • Spawn Location: 7:00

VOD

Have the link to the VOD?

Description

Time

  • Played on: April 23, 2018, 2:34 a.m.
  • Length: 10:26
Show
View Real Time Build Order
Export as new Build Order

WIN Protoss - Winner!

Build Orders:  

Get SALT Encoding   

  12  0:02  Probe  
  13  0:14  Probe  
  14  0:21  Pylon  
  14  0:26  Probe  
  15  0:36  Probe  
  16  0:44  Probe  
  17  0:54  Probe  
  17  0:55  Pylon  
  18  1:06  Probe  
  18  1:09  Pylon  
  19  1:21  Probe  
  20  1:28  Gateway  
  20  1:35  Gateway  
  20  1:39  Probe  
  21  1:47  Probe  
  21  1:51  Nexus  
  22  1:57  Probe  
  23  2:03  Assimilator  
  23  2:05  Assimilator  
  23  2:09  Probe  
  24  2:18  Cybernetics Core  
  24  2:23  Pylon  
  24  2:25  Zealot  
  26  2:34  Zealot  
  26  2:36  Probe  
  28  2:45  Pylon, Zealot  
  28  2:57  Probe  
  31  3:02  Probe  
  32  3:09  Probe  
  32  3:12  Zealot  
  35  3:15  Probe  
  36  3:21  Probe  
  36  3:24  Assimilator  
  36  3:25  Probe  
  38  3:28  Warp Gate, Gateway  
  38  3:33  Probe  
  39  3:34  Adept  
  39  3:37  Probe  
  42  3:44  Zealot  
  42  3:45  Probe  
  45  3:49  Probe  
  46  3:57  Probe  
  46  3:59  Zealot  
  46  4:01  Probe  
  42  4:07  Sentry  
  46  4:19  Gateway  
  46  4:21  Zealot  
  46  4:22  Shield Battery  
  46  4:28  Zealot  
  46  4:30  Probe x2  
  52  4:34  Zealot  
  54  4:42  Shield Battery  
  54  4:47  Probe x2  
  54  4:52  Adept, Sentry, Assimilator  
  58  4:56  Twilight Council  
  58  4:59  Gateway x2, Probe  
  62  5:00  Probe  
  62  5:13  Charge  
  62  5:16  Pylon  
  62  5:19  Pylon  
  62  5:26  Phoenix  
  62  5:35  Probe x2  
  64  5:36  Pylon, Zealot  
  64  5:37  Zealot  
  64  5:38  Pylon  
  68  5:47  Zealot x2, Probe x2  
  74  6:18  Stalker  
  74  6:19  Stalker x3  
  80  6:48  Zealot x2  
  80  6:49  Zealot x4  
  92  7:07  Nexus  
  92  7:09  Pylon  
  92  7:15  Gateway x2  
  92  7:18  Gateway  
  92  7:21  Gateway  
  70  7:40  Zealot x4  
  70  7:41  Zealot x2  
  82  7:53  Probe x2  
  84  8:03  Zealot x6  
  84  8:05  Probe x2  
  98  8:11  Phoenix  
  98  8:17  Probe x2  
  100  8:20  Probe  
  100  8:22  Assimilator  
  101  8:27  Assimilator  
  101  8:28  Probe  
  101  8:29  Probe x2  
  101  8:31  Templar Archives  
  104  8:37  Probe  
  104  8:40  Stalker x2  
  109  8:41  Pylon, Probe x2  
  109  8:42  Phoenix  
  109  8:43  Pylon  
  109  8:45  Pylon  
  111  8:50  Probe  
  111  8:53  Probe x2  
  114  8:59  Stalker x3  
  114  9:02  Probe  
  121  9:05  Pylon, Probe  
  121  9:07  Pylon  
  122  9:10  High Templar x2  
  122  9:11  High Templar x5  
  122  9:15  Archon x2  
  122  9:16  Archon  
  136  9:32  High Templar  
  136  9:33  High Templar x2  
  142  9:43  High Templar x5  
  142  9:44  High Templar  
  154  9:47  Archon x3  
  154  9:48  Archon  
  154  9:49  Archon  
  154  9:56  Stalker  
  156  10:01  Pylon  
  156  10:03  Pylon  
  156  10:04  Pylon  
  156  10:08  Gateway  
  156  10:09  Gateway  
  156  10:11  Gateway  
  154  10:14  Gateway  
  154  10:17  Gateway  
  154  10:18  Nexus  
  154  10:20  Pylon  
  146  10:22  Pylon  
Show
View Real Time Build Order
Export as new Build Order

Subwayeatn Zerg 

Build Orders: Pool First, Zergling Baneling 

Get SALT Encoding   

  12  0:00  Drone  
  13  0:12  Overlord  
  13  0:26  Drone  
  14  0:33  Extractor  
  14  0:34  Drone  
  14  0:40  Spawning Pool  
  13  0:44  Drone  
  13  0:49  Drone  
  15  0:52  Drone  
  16  1:23  Hatchery  
  15  1:33  Zergling x4  
  17  1:45  Drone x2  
  19  1:56  Metabolic Boost  
  19  2:06  Zergling x4  
  21  2:17  Overlord  
  21  2:34  Queen  
  21  2:36  Queen  
  25  2:45  Baneling Nest  
  24  2:54  Overlord  
  24  3:05  Zergling x2  
  25  3:06  Zergling x2  
  26  3:28  Baneling x5  
  26  3:31  Baneling  
  26  3:32  Baneling  
  26  3:33  Baneling  
  26  3:34  Zergling x8  
  27  3:35  Zergling x2  
  31  3:46  Zergling x6  
  31  3:48  Zergling x2  
  28  4:22  Drone x9  
  37  4:55  Hatchery  
  38  5:00  Extractor, Drone x7  
  38  5:01  Extractor  
  41  5:08  Lair  
  41  5:12  Overlord  
  41  5:18  Overlord  
  41  5:27  Drone x2  
  43  5:36  Queen  
  45  5:45  Zergling x2  
  45  5:46  Zergling x10  
  51  5:50  Baneling x4  
  51  5:51  Baneling  
  51  5:52  Baneling  
  51  5:53  Baneling  
  51  6:00  Zergling x2  
  52  6:21  Queen  
  53  6:41  Hydralisk Den  
  53  6:44  Roach Warren  
  52  6:50  Drone x11  
  63  6:55  Evolution Chamber  
  63  6:56  Evolution Chamber, Drone  
  63  6:58  Extractor  
  61  7:07  Baneling  
  61  7:08  Baneling x12  
  61  7:09  Baneling  
  61  7:16  Zergling x2  
  61  7:17  Zergling x4  
  46  7:38  Roach x7  
  59  7:47  Roach  
  59  7:49  Glial Reconstitution  
  61  7:56  Overlord  
  61  7:59  Overlord x2  
  61  8:20  Zerg Missile Weapons Level 1  
  61  8:21  Zerg Ground Armor Level 1  
  61  8:24  Drone x3  
  61  8:25  Drone x3  
  61  8:26  Drone  
  68  8:38  Drone  
  68  8:39  Drone  
  70  8:47  Overlord  
  70  8:49  Zergling x4  
  70  8:50  Zergling x2  
  73  8:58  Hatchery  
  73  8:59  Hatchery  
  71  9:08  Overlord  
  71  9:25  Overlord x3  
  71  9:27  Overlord  
  71  9:29  Zergling x2  
  72  9:36  Spire  
  71  9:43  Roach x6  
  85  10:03  Roach x6  
Tags
 
Matchup
PvZ
Opening
Pool First
Replay Pack
Multiplayer
Spawn Locations
Cross Positions
Add a new tag
Caveats
  • Supply blocks, unpowered buildings, or Contaminate may cause inaccurate times.
  • Supply counts are checked every 10 seconds.